 Dungeon Crawl Stone Soup version 0.18-a0-1800-gdc7a371 (webtiles) character file.

107 M4edhros the Insei (level 4, 0/27 HPs)
             Began as an Octopode Necromancer on Apr 24, 2016.
             Slain by a hound (2 damage)
             ... on level 4 of the Dungeon.
             The game lasted 00:11:35 (1200 turns).

M4edhros the Insei (Octopode Necromancer)           Turns: 1200, Time: 00:11:36

Health: 0/27       AC:  1    Str:  7    XL:     4   Next: 86%
Magic:  5/7        EV: 18    Int: 20    God:
Gold:   155        SH:  0    Dex: 18    Spells: 3 memorised, 2 levels left

rFire  + . .     SeeInvis .     d - +0 mace (curse)
rCold  x . .     Gourm    .     (no shield)
rNeg   . . .     Faith    .     (helmet restricted)
rPois  .         Spirit   .     (no amulet)
rElec  .         Dismiss  .     e - ring of resist corrosion
rCorr  +         Reflect  .     f - +3 ring of intelligence
SustAt .         Harm     .     g - ring of fire
MR     .....                    (no ring)
Stlth  +++++.....               (no ring)
                                (no ring)
                                (no ring)
                                (no ring)

@: agile, not resistant to hostile enchantments, quite stealthy
A: almost no armour, amphibious, 8 rings, constrict 8, camouflage 1, blurry
vision 1, deterioration 1, high mp 1, gelatinous body 1
a: no special abilities


You were on level 4 of the Dungeon.
You were not hungry.

You visited 1 branch of the dungeon, and saw 4 of its levels.

You collected 155 gold pieces.

Inventory:

Hand Weapons
 d - a cursed +0 mace (weapon)
 o - a +0 hunting sling
Jewellery
 e - a ring of resist corrosion (left tentacle)
 f - a +3 ring of intelligence (right tentacle)
 g - a ring of fire (on tentacle)
Scrolls
 c - 3 scrolls of identify
 h - a scroll of fog
 j - a scroll of blinking
 p - a scroll of fear {unknown}
Potions
 l - a potion of curing {unknown}
 m - a potion of mutation
 n - a potion of agility
Books
 a - a book of Necromancy

   Spells                             Type                      Level
   a - Pain                           Necromancy                   1
   b - Animate Skeleton               Necromancy                   1
   c - Vampiric Draining              Necromancy                   3
   d - Regeneration                   Charms/Necromancy            3
   e - Animate Dead                   Necromancy                   4
   f - Control Undead                 Necromancy                   4
Comestibles
 b - 2 bread rations
 i - 3 chunks of flesh
 k - 5 fruits


   Skills:
 - Level 2.0 Dodging
 - Level 2.6 Stealth
 + Level 4.2 Unarmed Combat
 - Level 2.0 Spellcasting
 - Level 4.0 Necromancy


You had 2 spell levels left.
You knew the following spells:

 Your Spells              Type           Power        Failure   Level  Hunger
a - Pain                  Necr           ###.         2%          1    #......
b - Animate Skeleton      Necr           N/A          2%          1    #......
r - Regeneration          Chrm/Necr      ##........   21%         3    ###....


Dungeon Overview and Level Annotations

Branches:
Dungeon (4/15)
 Temple: D:4-7

Altars:

Annotations:
D:3 M4edhros's ghost, weakling OpNe; Terence


Innate Abilities, Weirdness & Mutations

You cannot wear most types of armour.
You are amphibious.
You can wear up to eight rings at the same time.
You can use your tentacles to constrict eight enemies at once.
Your skin changes colour to match your surroundings (Stealth).
Your rubbery body absorbs attacks (AC +1).
Scrolls take you a little longer to read.
Your body sometimes deteriorates upon taking damage.
You have an increased reservoir of magic (+10% MP).


Message History

The hound bites you but does no damage. The human skeleton hits you.
You hit the hound.
The hound is almost dead.
You constrict the hound. The hound completely misses you. The hound bites you.
* * * LOW HITPOINT WARNING * * *
The hound closely misses you. The hound bites you.
* * * LOW HITPOINT WARNING * * *
The human skeleton barely misses you.
Read which item? (? for menu, Esc to quit)
Really read with blurry vision while enemies are nearby?
Okay, then.
Drink which item? (? for menu, Esc to quit)
Okay, then.
You aren't carrying any items that you can evoke.
Drink which item? (? for menu, Esc to quit)
Okay, then.
Read which item? (? for menu, Esc to quit)
Really read with blurry vision while enemies are nearby?
You constrict the hound. The hound bites you.
You die...

.. .##.#
#.#.#######.#..#.###.
.....................#
.....................#
.....................#
.....................#
#..Z.........†.......#
#.....h..............#
#.....Z@.............#
......h..............#
##...................##.
###............>.......
#..................###
#..................#
#..................#
######..................#
#.#.....................#


You could see 2 hounds and 2 human skeletons.

Vanquished Creatures
  Jessica (D:2)
  2 adders
  2 oozes
  2 dart slugs (D:1)
  A worm (D:3)
  2 giant geckos
  An orc (D:3)
  5 bats
  4 giant cockroaches
  5 hobgoblins
  3 jackals (D:3)
  A quokka (D:4)
  A ball python (D:2)
  A giant gecko zombie (D:4)
  2 giant newts
  A goblin (D:1)
  6 kobolds
  7 rats
47 creatures vanquished.

Notes
Turn   | Place    | Note
--------------------------------------------------------------
     0 | D:1      | M4edhros the Octopode Necromancer began the quest for the Orb.
     0 | D:1      | Reached XP level 1. HP: 11/11 MP: 3/3
    77 | D:1      | Reached skill level 1 in Unarmed Combat
   109 | D:1      | Reached XP level 2. HP: 6/17 MP: 1/5
   389 | D:3      | Reached XP level 3. HP: 4/21 MP: 3/6
   394 | D:3      | Learned a level 3 spell: Regeneration
   404 | D:3      | Noticed Terence
   591 | D:3      | Noticed M4edhros's ghost (weakling OpNe)
   645 | D:2      | Learned a level 1 spell: Animate Skeleton
   854 | D:2      | Noticed Jessica
   860 | D:2      | Killed Jessica
   860 | D:2      | Reached XP level 4. HP: 13/27 MP: 1/7
   909 | D:4      | Noticed an ogre
  1197 | D:4      | Gained mutation: You have an increased reservoir of magic (+10% MP). [potion of mutation]
  1197 | D:4      | Gained mutation: Scrolls take you a little longer to read. [potion of mutation]
  1197 | D:4      | Gained mutation: Your body sometimes deteriorates upon taking damage. [potion of mutation]
  1200 | D:4      | Slain by a hound

Vault maps used:
D:1:      minmay_arrival_shoal_huts
D:2:      minmay_rat_hole, uniq_jessica
D:3:      first_bread, gup_sewer_entry_bowl, uniq_terence
D:4:      dk_yredelemnul_ordeal

Skill      XL: |  1  2  3  4 |
---------------+-------------+-----
Unarmed Combat | 1 2 3 4 |  4.2
Dodging        | |  2.0
Stealth        | |  2.6
Spellcasting   | |  2.0
Necromancy     | |  4.0

Action                   |  1- 3 |  4- 6 || total
-------------------------+-------+-------++-------
Melee: Unarmed           |     8 |       ||     8
       Constrict         |    10 |     6 ||    16
       Tentacles         |     4 |     4 ||     8
       Punch             |     1 |       ||     1
       Mace              |    24 |    20 ||    44
 Cast: Pain              |    41 |    15 ||    56
       Regeneration      |     5 |     4 ||     9
       Animate Skeleton  |     1 |     3 ||     4
  Use: Potion            |     1 |     2 ||     3
       Scroll            |       |     2 ||     2
 Stab: Sleeping          |     2 |       ||     2
  Eat: Chunk             |     1 |     2 ||     3
Armor: Skin              |     4 |     3 ||     7
Dodge: Dodged            |    24 |    19 ||    43
